 Dungeon Crawl Stone Soup version 0.28.0-1-gb440e238dd (webtiles) character file.

Game seed: 696606049516817850

30 mcwallace the Chiller (level 3, -1/26 HPs)
             Began as a Barachi Ice Elementalist on Feb 21, 2022.
             Slain by a centaur zombie (5 damage)
             ... on level 4 of the Dungeon.
             The game lasted 00:02:45 (1879 turns).

mcwallace the Chiller (Barachi Ice Elementalist)    Turns: 1879, Time: 00:02:45

Health: -1/26      AC:  2    Str:  9    XL:     3   Next: 20%
Magic:  0/6        EV: 12    Int: 17    God:
Gold:   80         SH:  0    Dex: 12    Spells: 0/7 levels left

rFire   . . .      SeeInvis .   b - +0 dagger {short}
rCold   . . .      Faith    .   (no shield)
rNeg    . . .      Spirit   .   a - +0 robe
rPois   .          Reflect  .   f - +0 hat
rElec   .          Harm     .   (no cloak)
rCorr   .          Rampage  .   (no gloves)
Will    .....                   (no boots)
Stlth   ++........              (no amulet)
HPRegen 0.08/turn               (no ring)
MPRegen 0.10/turn               (no ring)

@: freezing walls, slow
A: amphibious, slowness 1, strong legs 1, +LOS
a: Hop


You were on level 4 of the Dungeon.
You visited 2 branches of the dungeon, and saw 4 of its levels.

You collected 80 gold pieces.


Innate Abilities, Weirdness & Mutations

You are amphibious.
You cover ground slowly.
You can hop short distances.
You have an extended range of vision and can be seen from far away.


   Skills:
 + Level 1.1 Fighting
 + Level 2.6 Dodging
 + Level 2.2 Stealth
 + Level 2.5 Spellcasting
 + Level 5.1 Ice Magic


You couldn't memorise any spells.
You knew the following spells:

 Your Spells              Type           Power      Damage    Failure   Level
a - Freeze                Ice            76%        1d9       2%          1
b - Frozen Ramparts       Ice            38%        1d5       7%          3
c - Ozocubu's Armour      Ice            19%        N/A       7%          3

Your spell library contained the following spells:

 Spells                   Type           Power      Damage    Failure   Level
 Hailstorm                Conj/Ice       10%        3d5       54%         4

Inventory:

Hand Weapons
 b - a +0 dagger (weapon) {short}
   (You took it off a goblin on level 1 of the Dungeon)
Missiles
 c - 59 stones {throwing}
Armour
 a - a +0 robe (worn)
 f - a +0 hat (worn)
   (You found it on level 1 of the Dungeon)
Scrolls
 e - a scroll of identify {unknown}
 g - a scroll of noise {unknown}
Potions
 d - a potion of mutation {unknown}

Dungeon Overview and Level Annotations

Branches:
Dungeon (4/15)             Temple (1/1) D:4

Altars:
Dithmenos
Fedhas
Gozag
Hepliaklqana
Makhleb
Nemelex Xobeh
Okawaru
Qazlal
Sif Muna
Trog
Uskayaw
Vehumet
Ignis

Shops:
D:1

( .#####+ ######
....... ##+#####....#
.......##.....##....#
..............#.....#
..............#.....#
..............#)....#
#....#...#..##....#
#.....#.#..###....#
#....Z@>..........#
+.....#.#.........+
#....#...#........#
....................#
.#...###..#######...#
##.. #..# ##### ##
....# ....# #.$..#


You could see a centaur zombie.


Message History

There is a fountain of clear blue water here.
There is a fountain of clear blue water here.
There is a staircase back to the Dungeon here.
There is a staircase back to the Dungeon here.
There is a fountain of clear blue water here.
There is a fountain of clear blue water here.
There is a staircase back to the Dungeon here.
You climb upwards.
Welcome back to the Dungeon!
You hear the hiss of flowing sand.
There is an entrance to an ossuary on this level.
Hurry and find it before the portal is buried!
You hear the slow hiss of an avalanche of sand very nearby.
There is a staircase to the Ecumenical Temple here.
Casting: Freeze (safe; 2% risk of failure)
Confirm with . or Enter, or press ? or * to list all spells.
The spell is quite dangerous to miscast (7% risk of failure)!
Continue anyway?
Casting: Frozen Ramparts (quite dangerous; 7% risk of failure)
Press: ? - help, Dir - look around, f - activate The walls around you are covered in ice.
The centaur zombie resists.
The wall freezes the centaur zombie.
The centaur zombie completely resists.
The wall freezes the centaur zombie but does no damage.
The centaur zombie hits you.
The centaur zombie kicks you. 😕 HP[-5] MP[-3]
You take 5 damage, and now have 21/26 hp.
You lost 3 mp, and now have 3/6 mp.
You hit the centaur zombie.
The centaur zombie completely resists.
The wall freezes the centaur zombie but does no damage.
The centaur zombie hits you but does no damage.
The centaur zombie misses you.
You hit the centaur zombie but do no damage.
The centaur zombie completely resists.
The wall freezes the centaur zombie but does no damage.
The centaur zombie hits you.
The centaur zombie barely misses you. 😮 HP[-4]
You take 4 damage, and now have 17/26 hp.
You hit the centaur zombie but do no damage.
The centaur zombie completely resists.
The wall freezes the centaur zombie but does no damage.
The centaur zombie hits you.
The centaur zombie kicks you but does no damage.
The wall freezes the centaur zombie but does no damage.
The centaur zombie hits you.
* * * LOW HITPOINT WARNING * * *
The centaur zombie kicks you.
* * * LOW HITPOINT WARNING * * *
😨 HP[-9]
You take 9 damage, and now have 8/26 hp.
MASSIVE DAMAGE!! (PAUSE)
You barely miss the centaur zombie.
The centaur zombie completely resists.
The wall freezes the centaur zombie but does no damage.
The centaur zombie hits you.
* * * LOW HITPOINT WARNING * * *
The centaur zombie kicks you but does no damage. 😱 HP[-4]
You take 4 damage, and now have 4/26 hp.
Unknown command.
You are too injured to fight recklessly!
Casting: Frozen Ramparts (quite dangerous; 7% risk of failure)
Confirm with . or Enter, or press ? or * to list all spells.
Aiming: Freeze (safe; 2% risk of failure)
Press: ? - help, Shift-Dir - straight line, f - centaur zombie
Aim: a centaur zombie (lightly damaged)
You freeze the centaur zombie.
The centaur zombie resists.
The centaur zombie completely resists.
The wall freezes the centaur zombie but does no damage.
The centaur zombie barely misses you.
The centaur zombie kicks you but does no damage. 😱 HP[+1] MP[-1]
You lost 1 mp, and now have 2/6 mp.
Casting: Freeze (safe; 2% risk of failure)
Confirm with . or Enter, or press ? or * to list all spells.
Aiming: Freeze (safe; 2% risk of failure)
Press: ? - help, Shift-Dir - straight line, f/p - centaur zombie
Aim: a centaur zombie (lightly damaged)
You freeze the centaur zombie but do no damage.
The centaur zombie completely resists. x2
The wall freezes the centaur zombie but does no damage.
The centaur zombie barely misses you. x2
The centaur zombie completely resists.
The wall freezes the centaur zombie but does no damage.
The centaur zombie hits you.
* * * LOW HITPOINT WARNING * * *
The centaur zombie kicks you but does no damage. 😱 HP[-1] MP[-1]
You take 1 damage, and now have 4/26 hp.
You lost 1 mp, and now have 1/6 mp.
Casting: Freeze (safe; 2% risk of failure)
Confirm with . or Enter, or press ? or * to list all spells.
Aiming: Freeze (safe; 2% risk of failure)
Press: ? - help, Shift-Dir - straight line, f/p - centaur zombie
Aim: a centaur zombie (lightly damaged)
You freeze the centaur zombie.
The centaur zombie resists. x2
The wall freezes the centaur zombie.
The centaur zombie barely misses you.
The centaur zombie closely misses you. 😱 MP[-1]
You lost 1 mp, and now have 0/6 mp.
You hit the centaur zombie.
The centaur zombie completely resists.
The wall freezes the centaur zombie but does no damage.
The centaur zombie hits you.
You die...

Skill      XL: |  1  2 |
---------------+-------+-----
Stealth        | 2 |  2.2
Ice Magic      | 5 |  5.1
Fighting       | 1 |  1.1
Dodging        | |  2.6
Spellcasting   | |  2.5

Action                   || total
-------------------------++-------
Melee: Dagger            ||    24
 Cast: Freeze            ||    37
       Frozen Ramparts   ||     1
 Stab: Sleeping          ||     1
Armor: Robe              ||    18
Dodge: Dodged            ||    49

Levels and vault maps discovered:
D:1:      onia_arrival_pentagram, layout_loops_corners,
          dilly_ecumenical_altar_fadedgnrine, serial_shops, shop_fountains
D:2:      layout_basic
D:4:      layout_gridville, minitemple, minmay_temple_entry_crystal_x,
          gup_ossuary_entry_pyramid, minmay_joined_circles
Temple:   pdpol_scorched_temple

Notes
Turn   | Place    | Note
-------+----------+-------------------------------------------
     0 | D:1      | mcwallace the Barachi Ice Elementalist began the quest for
                  | the Orb.
     0 | D:1      | Reached XP level 1. HP: 13/13 MP: 3/3
     0 | D:1      | magus.rc [v1.9.6]
   437 | D:1      | Reached XP level 2. HP: 20/20 MP: 3/5
   438 | D:1      | Reached skill level 2 in Stealth
   581 | D:1      | Reached skill level 5 in Ice Magic
   789 | D:1      | Reached skill level 1 in Fighting
  1102 | D:1      | Reached XP level 3. HP: 22/26 MP: 4/6
  1427 | D:1      | Found Xumum's Antique Weapon Boutique.
  1528 | D:1      | Found a faded altar of an unknown god.
  1701 | D:2      | Learned a level 3 spell: Frozen Ramparts
  1705 | D:2      | Learned a level 3 spell: Ozocubu's Armour
  1776 | D:2      | You fall into a shaft and drop 2 floors!
  1788 | D:4      | Found a staircase to the Ecumenical Temple.
  1798 | Temple   | Entered the Ecumenical Temple
  1875 | D:4      | HP: 4/26 [centaur zombie (4)]
  1879 | D:4      | Slain by a centaur zombie

Vanquished Creatures
  3 ball pythons (D:1)
  An endoplasm (D:1)
  A giant cockroach (D:1)
  4 goblins (D:1)
  5 hobgoblins (D:1)
  4 kobolds (D:1)
  3 bats (D:1)
  2 frilled lizards
  3 rats (D:1)
26 creatures vanquished.

Table legend:
 A = Non-vault XP
 B = Vault XP
 C = Vault XP percentage of total XP
 D = Non-vault monster count
 E = Vault monster count
 F = Vault count percentage of total count
                 A         B        C        D         E       F
            +---------+---------+-------+---------+---------+-------
      Total |      44 |       0 |   0.0 |      26 |       0 |   0.0
            +---------+---------+-------+---------+---------+-------
        D:1 |      43 |       0 |   0.0 |      25 |       0 |   0.0
        D:2 |       1 |       0 |   0.0 |       1 |       0 |   0.0
            +---------+---------+-------+---------+---------+-------

Illustrated notes

Table legend:
 A = Kills in this place as a percentage of kills in entire the game.
 B = Kills by you in this place as a percentage of kills by you in the entire game.
 C = Kills by friends in this place as a percentage of kills by friends in the entire game.
 D = Other kills in this place as a percentage of other kills in the entire game.
 E = Experience gained in this place as a percentage of experience gained in the entire game.
 F = Experience gained in this place divided by the number of levels of this place that you have seen.
                   A       B       C       D       E      F
               +-------+-------+-------+-------+-------+----------------------
         Total | 100.0 | 100.0 |   N/A |   N/A | 100.0 |  11.0
       Dungeon | 100.0 | 100.0 |   N/A |   N/A | 100.0 |  14.7
               +-------+-------+-------+-------+-------+----------------------

Table legend: (Time is in decaauts)
 A = Elapsed time spent in this place.
 B = Non-inter-level travel time spent in this place.
 C = Inter-level travel time spent in this place.
 D = Time resting spent in this place.
 E = Time spent auto-exploring this place.
 F = Levels seen in this place.
 G = Mean time per level.
                   A        B        C        D        E       F      G
               +--------+--------+--------+--------+--------+-----+--------+
         Total |   2093 |   2061 |     32 |      0 |   1729 |   4 |  523.2 |
       Dungeon |   2009 |   1977 |     32 |      0 |   1729 |   3 |  669.7 |
        Temple |     84 |     84 |      0 |      0 |      0 |   1 |   84.0 |
               +--------+--------+--------+--------+--------+-----+--------+

Top non-repeatable levels by time:
     D:1: 1723 daAuts
     D:2: 248 daAuts
  Temple: 84 daAuts
     D:4: 36 daAuts
